 Dungeon Crawl Stone Soup version 0.25-a0-100-g33052ceff8 (webtiles) character file.

Game seed: 14857491209760482099, levelgen mode: deterministic

154544 Amanar the Warrior (level 17, 0/170 HPs)
             Began as a Minotaur Berserker on Nov 15, 2019.
             Was a High Priest of Trog.
             Slain by a spectral alligator (7 damage)
             ... called from beyond by a ghost crab
             ... on level 4 of the Swamp.
             The game lasted 01:23:33 (28405 turns).

Amanar the Warrior (Minotaur Berserker)            Turns: 28405, Time: 01:23:34

Health: 0/170      AC: 30    Str: 40    XL:     17   Next: 6%
Magic:  16/16      EV: 13    Int:  4    God:    Trog [*****.]
Gold:   2319       SH:  0    Dex: 10    Spells: 16/16 levels left

rFire    + . .     SeeInvis +   a - +10 dark maul {crush}
rCold    + + +     Gourm    +   (shield currently unavailable)
rNeg     + . .     Faith    .   w - +2 plate armour {rPois}
rPois    +         Spirit   .   o - +2 hat {SInv}
rElec    .         Reflect  .   P - scarf {rC+ rF+}
rCorr    +         Harm     .   X - +0 pair of gloves of Ashenzari's Generosity {rC++}
MR       +....                  E - +4 pair of boots of Dawn {rN+}
Stlth    ..........             V - amulet of the gourmand
HPRegen  0.38/turn              s - ring "Lebeistri" {rCorr Str+4}
MPRegen  0.15/turn              q - ring "Ofelogaf" {Str+7 Stlth-}

@: berserk cooldown, slowed, lightly drained, very slow
A: retaliatory headbutt, horns 2
a: Berserk, Trog's Hand, Brothers in Arms, Renounce Religion


You were on level 4 of the Swamp.
You worshipped Trog.
Trog was extremely pleased with you.
You were full.

You visited 5 branches of the dungeon, and saw 28 of its levels.
You also visited: Gauntlet.

You collected 2620 gold pieces.
You spent 301 gold pieces at shops.

Inventory:

Hand Weapons
 a - the +10 dark maul (weapon) {crush}
   (You took it off an efreet on level 14 of the Dungeon)

   It inflicts extra damage upon your enemies.
 b - a +5 antimagic executioner's axe
   (Trog gifted it to you on level 1 of the Orcish Mines)
Missiles
 K - 4 throwing nets (quivered) {!f}
Armour
 o - a +2 hat of see invisible (worn)
   (You acquired it in a Gauntlet)
 w - a +2 plate armour of poison resistance (worn)
   (You took it off an orc warrior on level 2 of the Orcish Mines)
 A - a +3 plate armour of magic resistance
   (You took it off an orc knight on level 1 of the Orcish Mines)
 E - the +4 pair of boots of Dawn (worn) {rN+}
   (You found it in a Gauntlet)

   It protects you from negative energy.
 M - the +1 robe of Articulation {rPois rN+ MR+ Int-4, unknown}
   (You found it on level 2 of the Swamp)

   It affects your intelligence (-4).
   It protects you from poison.
   It protects you from negative energy.
   It affects your resistance to hostile enchantments.
 P - a scarf of resistance (worn)
   (You found it on level 10 of the Dungeon)
 Q - the +4 ring mail "Omymul" {rF++}
   (You found it in a Gauntlet)

   It greatly protects you from fire.
 X - the +0 pair of gloves of Ashenzari's Generosity (worn) {rC++}
   (You found it on level 1 of the Swamp)

   It greatly protects you from cold.
Jewellery
 i - an uncursed ring of protection from fire
   (You found it on level 1 of the Lair of Beasts)
 q - the ring "Ofelogaf" (right hand) {Str+7 Stlth-}
   (You found it on level 15 of the Dungeon)

   [ring of attention]

   It affects your strength (+7).
   It makes you less stealthy.
 s - the ring "Lebeistri" (left hand) {rCorr Str+4}
   (You found it on level 6 of the Dungeon)

   [ring of resist corrosion]

   It affects your strength (+4).
   It provides partial protection from all sources of acid and corrosion.
 F - an uncursed ring of ice
   (You found it on level 15 of the Dungeon)
 I - an uncursed ring of stealth
   (You found it on level 8 of the Dungeon)
 V - an amulet of the gourmand (around neck)
   (You found it on level 5 of the Lair of Beasts)
Wands
 t - a wand of flame (32)
   (You found it in a Gauntlet)
 u - a wand of paralysis (34)
   (You found it on level 7 of the Dungeon)
 x - a wand of acid (11)
   (You found it on level 1 of the Lair of Beasts)
 O - a wand of enslavement (23)
   (You found it on level 10 of the Dungeon)
 R - a wand of polymorph (5)
   (You found it on level 2 of the Lair of Beasts)
Scrolls
 c - 5 scrolls of teleportation {@r4}
 d - a scroll of enchant armour
 h - 25 scrolls of remove curse {@r2}
 l - 7 scrolls of fog
 m - 5 scrolls of identify {@r1}
 r - 4 scrolls of magic mapping
 y - 4 scrolls of fear
 C - 3 scrolls of vulnerability {unknown}
 G - 7 scrolls of immolation {!r}
 H - 3 scrolls of blinking
 J - 4 scrolls of holy word
 L - a scroll of torment {unknown}
 T - 2 scrolls of summoning
Potions
 f - 2 potions of magic
 g - 3 potions of lignification {!q}
 j - 7 potions of flight
 k - 5 potions of berserk rage
 n - 2 potions of cancellation
 p - 4 potions of heal wounds {@q2}
 z - a potion of ambrosia
 B - 3 potions of resistance
 D - 5 potions of curing {@q1}
 N - 3 potions of agility
 S - 2 potions of brilliance
 U - 3 potions of might
 W - a potion of haste {@q3}
 Z - 2 potions of invisibility {unknown}
Miscellaneous
 v - a phantom mirror
Comestibles
 e - 42 rations {!d}


   Skills:
 + Level 20.0(19.7) Fighting
 - Level 5.8(13.5) Axes
 + Level 18.8 Maces & Flails
 + Level 19.8(19.5) Armour
 + Level 8.3(8.1) Dodging


You had 16 spell levels left.
You didn't know any spells.
Your spell library was empty.

Dungeon Overview and Level Annotations

Branches:
Dungeon (15/15)            Temple (0/1) D:5            Lair (6/6) D:10
  Swamp (4/4) Lair:2        Snake (0/4) Lair:3        Slime (0/5) Lair:6
    Orc (2/2) D:9             Elf (1/3) Orc:2        Vaults (0/5) D:14
 Depths (0/5) D:15        Gauntlet (visited)

Altars:
Ashenzari
Cheibriados
Fedhas
Gozag
Hepliaklqana
Kikubaaqudgha
Nemelex Xobeh
Okawaru
Vehumet
Xom
Zin
The Shining One
Beogh
Jiyva

Shops:
D:8 (   D:12 (   Orc:2 *([=

Annotations:
D:6 2 runed translucent doors
Swamp:4 Louise


Innate Abilities, Weirdness & Mutations

You reflexively headbutt those who attack you in melee.
You have a pair of horns on your head.


Message History

You feel less resistant to hostile enchantments.
The spectral six-headed hydra bites you but does no damage. x2
The spectral six-headed hydra bites you!
* * * LOW HITPOINT WARNING * * *
You partially resist.
You feel drained.
* * * LOW HITPOINT WARNING * * *
The spectral six-headed hydra barely misses you.
The spectral six-headed hydra bites you but does no damage.
The spectral six-headed hydra misses you.
The spriggan rider is engulfed in spectral mist.
The spriggan rider dies!
The hornet dies!
The ghost crab breathes spectral mist at you.
The spectral mist engulfs you but does no damage.
The insubstantial wisp is engulfed in spectral mist.
The insubstantial wisp misses you.
You feel a strong urge to attack something.
You are engulfed in spectral mist.
You are no longer berserk.
Trog's vigour flows through your veins.
You are exhausted.
You feel yourself slow down.
The four-headed hydra is engulfed in spectral mist.
The spectral six-headed hydra closely misses you.
You furiously retaliate!
You headbutt the spectral six-headed hydra!
The spectral six-headed hydra completely misses you.
The spectral six-headed hydra barely misses you.
The spectral six-headed hydra bites you.
* * * LOW HITPOINT WARNING * * *
The spectral six-headed hydra bites you but does no damage. x2
The spectral alligator bites you!
* * * LOW HITPOINT WARNING * * *
The spectral alligator barely misses you.
You feel much better.
You are engulfed in spectral mist.
The spectral six-headed hydra fades away!
The four-headed hydra is engulfed in spectral mist.
The four-headed hydra bites you!
* * * LOW HITPOINT WARNING * * *
The four-headed hydra bites you!
* * * LOW HITPOINT WARNING * * *
The four-headed hydra bites you but does no damage.
The four-headed hydra bites you.
* * * LOW HITPOINT WARNING * * *
The ghost crab breathes spectral mist at you.
The spectral mist engulfs you but does no damage.
The insubstantial wisp is engulfed in spectral mist.
The spectral alligator bites you!
* * * LOW HITPOINT WARNING * * *
The spectral alligator tail-slaps you!
You die...

♣≈≈≈..≈.♣♣ .≈
♣≈≈≈≈.≈≈.♣ ≈.≈
♣.≈≈..≈≈.♣♣≈.≈
♣≈.§≈.≈§...≈≈≈
♣≈..≈≈≈≈....≈≈
♣○fk.≈≈≈....
♣)☼v§i≈.≈♣
♣ZDtZ@.#
♣n☼@○○§#
♣.≈☼☼♣§°§§≈#
♣♣.§§♣♣♣♣♣§#
♣≈≈♣ ♣≈####
♣♣♣ ♣♣.≈≈♣
♣♣<≈♣ ♣♣♣♣


You could see Louise, a thorn hunter, a four-headed hydra, a ghost crab, a
spectral alligator, a spectral spriggan druid, a bog body, a swamp drake, a
spriggan and an insubstantial wisp.

Vanquished Creatures
  Kirke (Swamp:3)
  2 thorn hunters
  Roxanne (Swamp:2)
  2 orc warlords (Orc:2)
  A stone giant (Orc:2)
  Nessos (Lair:5)
  A minotaur (Gauntlet)
  A dire elephant (Gauntlet)
  Harold (D:7)
  A hell beast (Gauntlet)
  A fire dragon (Lair:6)
  The ghost of Amanar the Severer, a journeyman MiFi (Lair:3)
  A shambling mangrove (Swamp:3)
  Fannar (Orc:1)
  An anaconda (Lair:6)
  Erica (D:8)
  9 hydras
  A catoblepas (Lair:5)
  6 centaur warriors
  The ghost of Cinder the Cleaver, a novice MiBe of Trog (D:10)
  10 two-headed ogres
  17 alligators
  2 ghost crabs
  2 tengu warriors (D:15)
  A vampire mage (D:14)
  A death scarab (Gauntlet)
  An orc high priest (Orc:2)
  6 death yaks
  An ogre mage (D:15)
  2 dancing weapons
  Urug (Orc:2)
  A skeletal warrior (D:6)
  3 unseen horrors
  2 spriggan druids
  A glowing orange brain (shapeshifter) (D:15)
  A deep elf archer (D:14)
  A spectral hydra (Gauntlet)
  5 swamp dragons
  A lindwurm (Lair:6)
  5 orc knights
  6 deep elf magi
  A wolf spider zombie (D:15)
  4 oklob plants (Lair:5)
  4 orc sorcerers
  4 cyclopes
  2 manticores (D:15)
  12 slime creatures
  27 ugly things
  9 elephants
  A moth of wrath (Lair:6)
  6 black mambas
  5 torpor snails (Lair:6)
  7 gargoyles
  14 spiny frogs
  3 efreet
  A freezing wraith (D:15)
  A demonic crawler (Lair:6)
  6 komodo dragons
  4 yaktaurs (D:14)
  A merfolk (D:10)
  3 meliai (D:14)
  A meliai (shapeshifter) (D:15)
  6 trolls
  9 polar bears (Lair:6)
  13 tyrant leeches
  13 hornets
  3 bog bodies
  6 dream sheep (Lair:6)
  13 blink frogs
  6 hippogriffs
  5 spriggans
  3 shadows
  3 wyverns
  34 yaks
  2 wraiths
  2 hogs
  A fire bat (shapeshifter) (D:15)
  2 basilisks
  3 hungry ghosts
  11 wargs
  25 vampire mosquitoes
  A soldier ant (shapeshifter) (D:15)
  7 insubstantial wisps
  12 swamp worms
  15 water moccasins
  2 soldier ants (D:10)
  3 porcupines
  16 hell hounds
  A hornet zombie (D:15)
  11 black bears
  2 sky beasts
  34 orc warriors
  7 swamp drakes
  5 ice beasts
  A phantom (D:8)
  19 ogres
  7 boggarts
  15 centaurs
  38 wolves
  4 big kobolds
  13 crocodiles
  Blork the orc (Orc:2)
  18 bullfrogs
  5 scorpions
  7 killer bees
  5 wights (D:11)
  A howler monkey (D:10)
  4 electric eels
  8 crimson imps
  3 centaur zombies
  3 bullfrog zombies
  4 hounds
  2 jellies
  23 orc priests
  24 orc wizards
  Ijyb (D:5)
  6 centaur skeletons
  3 bullfrog skeletons
  5 iguanas
  8 worker ants
  A hound zombie (D:10)
  A hound skeleton (D:4)
  8 gnolls
  A worker ant zombie (D:7)
  15 adders
  A shadow imp (D:15)
  2 oozes
  2 adder skeletons (D:7)
  4 worms (D:2)
  A leopard gecko (D:5)
  80 orcs
  2 ball pythons
  6 giant cockroaches
  6 goblins
  11 hobgoblins
  12 jackals
  5 quokkas
  A ball python skeleton (D:4)
  7 bats
  4 frilled lizards
  29 kobolds
  A leopard gecko skeleton (D:4)
  2 quokka skeletons
  3 rats
  A fungus (Lair:6)
  A plant (Lair:6)
932 creatures vanquished.

Vanquished Creatures (others)
  2 hydras (Swamp:4)
  An ogre mage (D:14)
  2 spriggan druids (Swamp:4)
  A swamp dragon (Swamp:4)
  A tyrant leech (Swamp:4)
  4 hornets
  3 spriggans
  2 humans (Swamp:3)
  A vampire mosquito (Swamp:4)
  4 insubstantial wisps (Swamp:4)
  A boggart (D:14)
  2 orcs
  A fungus (Lair:6)
  36 plants
61 creatures vanquished.

Grand Total: 993 creatures vanquished

Notes
Turn   | Place    | Note
-------+----------+-------------------------------------------
     0 | D:1      | Amanar the Minotaur Berserker began the quest for the Orb.
     0 | D:1      | Reached XP level 1. HP: 19/19 MP: 0/0
    87 | D:1      | Reached XP level 2. HP: 21/27 MP: 1/1
   504 | D:2      | Reached skill level 4 in Fighting
   515 | D:2      | Reached XP level 3. HP: 21/33 MP: 2/2
   759 | D:2      | Reached ** piety under Trog
  1128 | D:2      | Reached skill level 5 in Axes
  1128 | D:2      | Reached XP level 4. HP: 34/41 MP: 3/3
  1475 | D:2      | Found a blossoming altar of Fedhas.
  1626 | D:2      | Reached XP level 5. HP: 39/47 MP: 4/4
  1992 | D:3      | Found an iron altar of Okawaru.
  1999 | D:3      | Found a faded altar of an unknown god.
  2344 | D:4      | Got a steaming mace
  2345 | D:4      | Identified the +9 mace "Lainiagh" {speed, Stlth+} (You
                  | found it on level 4 of the Dungeon)
  2393 | D:4      | Reached skill level 1 in Maces & Flails
  2429 | D:4      | You fall into a shaft and drop 3 floors!
  2438 | D:7      | Noticed a centaur
  2447 | D:7      | Killed a centaur
  2447 | D:7      | Reached skill level 5 in Fighting
  2447 | D:7      | Reached XP level 6. HP: 42/56 MP: 5/5
  2574 | D:7      | Noticed an orc warrior
  2586 | D:7      | Killed an orc warrior
  2589 | D:7      | Reached *** piety under Trog
  2589 | D:7      | Reached skill level 5 in Armour
  2629 | D:7      | Reached XP level 7. HP: 38/62 MP: 6/6
  2816 | D:7      | Reached skill level 6 in Fighting
  3013 | D:7      | Reached skill level 5 in Maces & Flails
  3596 | D:6      | Found a large runed translucent door.
  3596 | D:6      | Found a large runed translucent door.
  3626 | D:6      | Reached XP level 8. HP: 60/71 MP: 7/7
  3682 | D:6      | Found a large runed translucent door.
  3682 | D:6      | Found a large runed translucent door.
  3728 | D:6      | Noticed a skeletal warrior
  3741 | D:6      | Killed a skeletal warrior
  3741 | D:6      | Reached skill level 7 in Fighting
  3748 | D:6      | Got a steaming turquoise ring
  3749 | D:6      | Identified the ring "Lebeistri" {rCorr Str+4} (You found it
                  | on level 6 of the Dungeon)
  4621 | D:5      | Entered Level 5 of the Dungeon
  4635 | D:5      | Found a glowing silver altar of Zin.
  4635 | D:5      | Found a sparkling altar of Nemelex Xobeh.
  4639 | D:5      | Found a hazy altar of Hepliaklqana.
  4647 | D:5      | Found a radiant altar of Vehumet.
  4762 | D:5      | Found an opulent altar of Gozag.
  4868 | D:5      | Found a staircase to the Ecumenical Temple.
  5007 | D:5      | Noticed Ijyb
  5030 | D:5      | Killed Ijyb
  5682 | D:6      | Reached XP level 9. HP: 81/81 MP: 8/8
  5766 | D:8      | Noticed Harold
  5794 | D:7      | Reached skill level 8 in Fighting
  5929 | D:7      | Killed Harold
  5929 | D:7      | Reached skill level 10 in Maces & Flails
  6255 | D:8      | Noticed Erica
  6265 | D:8      | Killed Erica
  6265 | D:8      | Reached skill level 9 in Fighting
  6313 | D:8      | Found Voteint's Antique Weapon Boutique.
  6320 | D:8      | Bought a pitted flail for 204 gold pieces
  6320 | D:8      | Identified the cursed +1 flail of War {venom, Int+5} (You
                  | bought it in a shop on level 8 of the Dungeon)
  6701 | D:8      | Noticed a two-headed ogre
  6708 | D:8      | Killed a two-headed ogre
  6708 | D:8      | Reached XP level 10. HP: 91/91 MP: 9/9
  6813 | D:8      | Reached **** piety under Trog
  7303 | D:9      | Found a snail-covered altar of Cheibriados.
  7313 | D:9      | Reached skill level 10 in Fighting
  7338 | D:9      | Received a gift from Trog
  7407 | D:9      | Found a staircase to the Orcish Mines.
  7691 | D:9      | Found a glowing golden altar of the Shining One.
  7803 | D:9      | Reached skill level 10 in Armour
  7827 | D:9      | Reached ***** piety under Trog
  7953 | D:10     | Entered Level 10 of the Dungeon
  8015 | D:10     | Found a staircase to the Lair.
  8016 | D:10     | Found a transporter.
  8017 | D:10     | Noticed Cinder's ghost (novice MiBe)
  8226 | D:10     | Killed an unseen horror
  8226 | D:10     | Reached XP level 11. HP: 95/101 MP: 10/10
  8347 | D:10     | Noticed a two-headed ogre
  8349 | D:10     | Identified the +5 great mace of Neffed {venom, Dex+5}
  8349 | D:10     | Noticed a two-headed ogre
  8352 | D:10     | Found a transporter.
  8498 | D:10     | Killed Cinder's ghost
  8498 | D:10     | Reached skill level 11 in Fighting
  8499 | D:10     | Killed a two-headed ogre
  8503 | D:10     | Killed a two-headed ogre
  8576 | D:11     | Noticed a white ugly thing
  8585 | D:11     | Killed a white ugly thing
  8592 | D:11     | Found a gate leading to a gauntlet.
  8600 | Gauntlet | Entered a Gauntlet
  8600 | Gauntlet | Found a transporter.
  8600 | Gauntlet | Found a transporter.
  8600 | Gauntlet | Noticed a death scarab
  8600 | Gauntlet | Noticed a soul eater
  8617 | Gauntlet | Found a transporter.
  8621 | Gauntlet | Found a transporter.
  8631 | Gauntlet | Found a transporter.
  8635 | Gauntlet | Found a transporter.
  8644 | Gauntlet | Noticed a necromancer
  8645 | Gauntlet | Found a transporter.
  8645 | Gauntlet | Noticed a death yak
  8646 | Gauntlet | Noticed a death yak
  8648 | Gauntlet | Noticed a death yak
  8648 | Gauntlet | Noticed a death yak
  8649 | Gauntlet | Noticed a death yak
  8665 | Gauntlet | Noticed a hell beast
  8666 | Gauntlet | Found a transporter.
  8672 | Gauntlet | Found a transporter.
  8681 | Gauntlet | Noticed a dire elephant
  8688 | Gauntlet | Found a transporter.
  8690 | Gauntlet | Found a transporter.
  8734 | Gauntlet | Found a transporter.
  8910 | Gauntlet | Killed a death scarab
  8914 | Gauntlet | Reached skill level 12 in Fighting
  8925 | Gauntlet | Identified a scroll of acquirement
  9080 | Gauntlet | Killed a dire elephant
  9091 | Gauntlet | Got a pair of polished boots
  9097 | Gauntlet | Identified the +4 pair of boots of Dawn {rN+} (You found it
                  | in a Gauntlet)
  9151 | Gauntlet | Killed a hell beast
  9271 | Gauntlet | Got a brightly glowing pewter ring
  9324 | Gauntlet | Noticed a minotaur
  9335 | Gauntlet | Killed a minotaur
  9401 | Gauntlet | Got a scorched ring mail
  9423 | D:11     | Received a gift from Trog
  9498 | D:11     | Reached XP level 12. HP: 113/113 MP: 11/11
  9524 | D:11     | Reached skill level 13 in Fighting
 10077 | D:12     | Noticed a six-headed hydra
 10082 | D:12     | Killed a six-headed hydra
 10133 | D:12     | Found Nicin's Weapon Shoppe.
 10414 | D:12     | Identified the ring "Homaocix" {MP+9 Str+2} (You found it
                  | in a Gauntlet)
 10427 | D:12     | Identified the +4 ring mail "Omymul" {rF++} (You found it
                  | in a Gauntlet)
 10634 | D:13     | Noticed a centaur warrior
 10904 | D:13     | Killed a centaur warrior
 10904 | D:13     | Reached skill level 14 in Fighting
 11449 | D:14     | Noticed a centaur warrior
 11449 | D:14     | Noticed a two-headed ogre
 11469 | D:14     | Killed a two-headed ogre
 11469 | D:14     | Reached skill level 15 in Fighting
 11782 | D:14     | Found a shattered altar of Ashenzari.
 11919 | D:14     | Reached skill level 15 in Armour
 11919 | D:14     | Reached XP level 13. HP: 100/127 MP: 12/12
 12034 | D:14     | Received a gift from Trog
 12788 | D:14     | Found the +0 pair of fencer's gloves {Riposte Dex+3}
 12830 | D:14     | Reached skill level 16 in Fighting
 14343 | D:14     | Found a gate to the Vaults.
 14821 | D:15     | Entered Level 15 of the Dungeon
 14832 | D:15     | Got a brightly glowing golden ring
 14834 | D:15     | Identified the ring "Ofelogaf" {Str+7 Stlth-} (You found it
                  | on level 15 of the Dungeon)
 14875 | D:15     | Reached XP level 14. HP: 138/138 MP: 13/13
 14889 | D:15     | Reached skill level 17 in Fighting
 15124 | D:15     | Received a gift from Trog
 15180 | D:15     | Reached skill level 15 in Maces & Flails
 15539 | D:15     | Found a staircase to the Depths.
 15855 | Orc:1    | Entered Level 1 of the Orcish Mines
 16116 | Orc:1    | Reached ****** piety under Trog
 16133 | Orc:1    | Noticed Fannar
 16137 | Orc:1    | Killed Fannar
 16198 | Orc:2    | Entered Level 2 of the Orcish Mines
 16473 | Orc:2    | Noticed an orc warlord
 16488 | Orc:1    | Received a gift from Trog
 17030 | Orc:2    | Killed an orc warlord
 17102 | Orc:2    | Found a staircase to the Elven Halls.
 17112 | Elf:1    | Entered Level 1 of the Elven Halls
 17529 | Orc:2    | Noticed a stone giant
 17546 | Orc:2    | Killed a stone giant
 17835 | Orc:2    | Noticed Blork the orc
 17846 | Orc:2    | Paralysed by an orc sorcerer for 7 turns
 17857 | Orc:2    | Killed Blork the orc
 17898 | Orc:2    | Noticed Urug
 17983 | Orc:2    | Noticed an orc warlord
 17995 | Orc:2    | Killed an orc warlord
 18040 | Orc:2    | Found a roughly hewn altar of Beogh.
 18069 | Orc:2    | Killed Urug
 18069 | Orc:2    | Reached XP level 15. HP: 111/149 MP: 14/14
 18146 | Orc:2    | Found Irraddeo's Antique Weapon Shoppe.
 18163 | Orc:2    | Found Eroext Qaoj's Jewellery Shoppe.
 18179 | Orc:2    | Found Wiuheoz's Antique Armour Shoppe.
 18195 | Orc:2    | Found Enguwn's General Store.
 18203 | Orc:2    | Bought a scroll of enchant weapon for 97 gold pieces
 18555 | Lair:1   | Entered Level 1 of the Lair of Beasts
 18586 | Lair:1   | Reached skill level 18 in Fighting
 18662 | Lair:1   | Found an ancient bone altar of Kikubaaqudgha.
 19154 | Lair:2   | Found a staircase to the Swamp.
 19386 | Lair:2   | Received a gift from Trog
 20292 | Lair:3   | Found a runed translucent door.
 20292 | Lair:3   | Found a shimmering altar of Xom.
 20292 | Lair:3   | Noticed Amanar's ghost (journeyman MiFi)
 20292 | Lair:3   | Identified the cursed +3 war axe of Juwil {chaos, Int+2
                  | Dex+2 SInv}
 20318 | Lair:3   | Killed Amanar's ghost
 20336 | Lair:3   | Found a staircase to the Snake Pit.
 21845 | Lair:5   | Noticed Nessos
 21850 | Lair:5   | Killed Nessos
 22911 | Lair:6   | Entered Level 6 of the Lair of Beasts
 22963 | Lair:6   | Received a gift from Trog
 23388 | Lair:5   | Reached skill level 19 in Fighting
 23838 | Lair:6   | Found a viscous altar of Jiyva.
 23838 | Lair:6   | Found a staircase to the Slime Pits.
 23918 | Lair:6   | Reached XP level 16. HP: 145/160 MP: 15/15
 23940 | Lair:6   | Reached skill level 5 in Dodging
 24283 | Lair:6   | Found the +10 large shield of Ignorance {rN+ Int-4}
 24352 | Lair:6   | Found a runed translucent door.
 24372 | Lair:6   | Received a gift from Trog
 24372 | Lair:6   | Paralysed by a hornet for 1 turns
 25117 | Swamp:1  | Entered Level 1 of the Swamp
 25719 | Swamp:1  | Got a pair of distressingly furry gloves
 25741 | Swamp:1  | Identified the +0 pair of gloves of Ashenzari's Generosity
                  | {rC++} (You found it on level 1 of the Swamp)
 26350 | Swamp:2  | Identified Roxanne's Almanac of Earth
 26350 | Swamp:2  | Noticed Roxanne
 26350 | Swamp:2  | Noticed a thorn hunter
 26352 | Swamp:2  | Killed a thorn hunter
 26359 | Swamp:2  | Killed Roxanne
 26674 | Swamp:2  | Received a gift from Trog
 26694 | Swamp:2  | Got a distressingly furry robe
 27080 | Swamp:3  | Noticed Kirke
 27206 | Swamp:3  | Killed Kirke
 28187 | Swamp:4  | Entered Level 4 of the Swamp
 28207 | Swamp:4  | Reached XP level 17. HP: 170/170 MP: 16/16
 28232 | Swamp:3  | Reached skill level 20 in Fighting
 28400 | Swamp:4  | Noticed Louise
 28405 | Swamp:4  | HP: 7/170 [spectral alligator[a ghost crab] (14)]
 28405 | Swamp:4  | Slain by a spectral alligator

Levels and vault maps discovered:
D:1:      minmay_arrival_open_corners, layout_basic, minmay_liquid_box
D:2:      layout_rooms, marbit_many_paths, first_ration
D:3:      layout_rooms, okawaru_trees_2, chequers_ecumenical_altar_island
D:4:      layout_basic
D:5:      layout_rooms, grunt_gozag_breadcrumbs, grunt_temple_overflow_open,
          minmay_temple_entry_grid, uniq_ijyb
D:6:      layout_layer_cave, minmay_hollow_rounded_squares
D:7:      layout_cave_pods, serial_bayou, serial_bayou_ford_a,
          serial_bayou_pond_e, serial_bayou_pond_c, serial_bayou_crossing
D:8:      layout_gridville, serial_shops, shop, uniq_harold, uniq_erica
D:9:      layout_loops_ring, nicolae_tso_swordbearing_angel, erik_orc_2,
          basic_altar
D:10:     layout_roguey, lair_entry_dummy, gammafunk_ghost_smash,
          hangedman_fish_farm
D:11:     layout_basic, gauntlet_entry_generic
D:12:     layout_roguey, serial_shops, shop_statue
D:13:     layout_rooms
D:14:     layout_layer_cave, hangedman_vaults_entry_quadrant_bands,
          ashenzari_altar_1, minmay_librarian
D:15:     gammafunk_enter_depths_forms, layout_loops_ring
Lair:1:   layout_gridlike, basic_altar
Lair:2:   layout_chaotic_city, minmay_swamp_entry_reptiles,
          grunt_forest_large_clearings
Lair:3:   layout_chaotic_city, minmay_snake_entry_six_corridors,
          ebering_ghost_xom, serial_bayou_shore_a, grunt_megastairs_2
Lair:4:   layout_small_grid
Lair:5:   layout_layer_cave, minmay_lair_oklob_chamber, uniq_nessos
Lair:6:   hangedman_lair_caniforms_friends, layout_regular_city, wormcave,
          dpeg_slime_entry_enclosed_altar, worms_lemuel, serial_bayou_shore_b,
          lemuel_fruit_tree
Swamp:1:  layout_basic_swamp, evilmike_swamp_ruin_house_3, swamp_pool3
Swamp:2:  layout_falls_marsh, infiniplex_staircase_pool, ldierk_geyser,
          swamp_pool2, uniq_roxanne
Swamp:3:  layout_falls_marsh, evilmike_swamp_ruin_rubble_1, uniq_kirke
Swamp:4:  swamp_basic_johnstein, layout_basic_swamp,
          ebering_ghost_reflecting_pool, uniq_louise
Orc:1:    layout_diamond_mine, uniq_fannar
Orc:2:    grunt_orc_cross, layout_caves, statue_in_the_mist_lemuel
Elf:1:    eino_elf_arrival_shootout, layout_rooms, serial_shops,
          nicolae_shop_behind_doors, minivault_28

Skill      XL: |  1  2  3  4  5  6  7  8  9 10 11 12 13 14 15 16 17 |
---------------+----------------------------------------------------+-----
Axes           | 4 5 |  5.8
Fighting       | 4 5 6 7 9 10 12 15 16 17 19 20 | 20.0
Armour         | 3 4 5 6 7 9 10 12 15 16 17 18 19 | 19.8
Maces & Flails | 2 4 6 8 11 13 14 16 17 18 | 18.8
Dodging        | 4 8 |  8.3

Action                   |  1- 3 |  4- 6 |  7- 9 | 10-12 | 13-15 | 16-18 || total
-------------------------+-------+-------+-------+-------+-------+-------++-------
Melee: Hand axe          |    76 |    59 |       |       |       |       ||   135
       Headbutt          |    19 |    17 |    28 |   109 |   142 |    42 ||   357
       Mace              |       |    27 |   155 |   454 |   199 |       ||   835
       Maul              |       |       |       |       |   396 |   241 ||   637
       Unarmed           |       |       |       |       |       |    15 ||    15
Throw: Throwing net      |       |       |     1 |       |       |       ||     1
Invok: Berserk           |       |     3 |     3 |     8 |     4 |     4 ||    22
       Trog's Hand       |       |       |     4 |     3 |    19 |     6 ||    32
Evoke: Wand              |       |       |       |    23 |     3 |       ||    26
       Lightning rod     |       |       |       |     5 |     5 |       ||    10
  Use: Scroll            |     6 |     2 |     4 |    17 |    13 |     1 ||    43
       Potion            |     2 |       |       |     1 |     2 |     1 ||     6
 Stab: Sleeping          |     1 |       |     4 |       |       |       ||     5
       Confused          |       |       |       |     2 |       |       ||     2
  Eat: Chunk             |     1 |     7 |     8 |    14 |    49 |    22 ||   101
       Ration            |       |       |     3 |     4 |     4 |       ||    11
Armor: Animal skin       |    28 |    15 |     3 |       |       |       ||    46
       Chain mail        |       |       |    30 |    36 |       |       ||    66
       Plate armour      |       |       |       |   104 |   397 |   463 ||   964
       Ring mail         |       |       |       |    81 |   166 |       ||   247
Dodge: Dodged            |    59 |    55 |    49 |   157 |   466 |   364 ||  1150
       Rpst.: Mace       |       |       |       |       |    10 |       ||    10
       Maul              |       |       |       |       |   118 |    36 ||   154

Table legend:
 A = Non-vault XP
 B = Vault XP
 C = Vault XP percentage of total XP
 D = Non-vault monster count
 E = Vault monster count
 F = Vault count percentage of total count
                 A         B        C        D         E       F
            +---------+---------+-------+---------+---------+-------
      Total |  148211 |   72567 |  32.9 |     673 |     261 |  27.9
            +---------+---------+-------+---------+---------+-------
        D:1 |      30 |       0 |   0.0 |      15 |       0 |   0.0
        D:2 |     158 |      13 |   7.6 |      31 |       1 |   3.1
        D:3 |      57 |       0 |   0.0 |      18 |       0 |   0.0
        D:4 |     115 |       0 |   0.0 |      10 |       0 |   0.0
        D:5 |     298 |      39 |  11.6 |      17 |       1 |   5.6
        D:6 |     304 |    1149 |  79.1 |       6 |       8 |  57.1
        D:7 |     890 |    1028 |  53.6 |      22 |       1 |   4.3
        D:8 |    1324 |     939 |  41.5 |      12 |       1 |   7.7
        D:9 |    2713 |     875 |  24.4 |      33 |      21 |  38.9
       D:10 |    1806 |    2875 |  61.4 |      17 |       7 |  29.2
       D:11 |    2972 |       0 |   0.0 |      33 |       0 |   0.0
       D:12 |    3359 |       0 |   0.0 |      17 |       0 |   0.0
       D:13 |    5609 |       0 |   0.0 |      28 |       0 |   0.0
       D:14 |   24750 |    7239 |  22.6 |      81 |      19 |  19.0
       D:15 |   15618 |    4097 |  20.8 |      45 |      13 |  22.4
     Lair:1 |    3877 |       0 |   0.0 |      18 |       0 |   0.0
     Lair:2 |    3049 |    3603 |  54.2 |      15 |      24 |  61.5
     Lair:3 |    4242 |    3808 |  47.3 |      14 |      18 |  56.2
     Lair:4 |    2196 |       0 |   0.0 |       8 |       0 |   0.0
     Lair:5 |    5848 |    5359 |  47.8 |      16 |      10 |  38.5
     Lair:6 |   13730 |   19305 |  58.4 |      43 |      80 |  65.0
    Swamp:1 |   16171 |       0 |   0.0 |      45 |       0 |   0.0
    Swamp:2 |   13918 |    2092 |  13.1 |      23 |       2 |   8.0
    Swamp:3 |   13986 |    3247 |  18.8 |      34 |       3 |   8.1
    Swamp:4 |    1434 |    1038 |  42.0 |       9 |       3 |  25.0
      Orc:1 |    2885 |     960 |  25.0 |      27 |       1 |   3.6
      Orc:2 |    6027 |    8103 |  57.3 |      35 |      39 |  52.7
      Elf:1 |     845 |    1107 |  56.7 |       1 |       2 |  66.7
   Gauntlet |       0 |    5691 | 100.0 |       0 |       7 | 100.0
            +---------+---------+-------+---------+---------+-------
